 Dungeon Crawl Stone Soup version 0.22.1-2-g9c5b331383 (webtiles) character file.

5701 Gargoyl the Covered (level 10, -3/91 HPs)
             Began as a Centaur Abyssal Knight on Nov 13, 2018.
             Was a High Priest of Lugonu.
             Slain by a yak (7 damage)
             ... on level 1 of the Lair of Beasts on Nov 15, 2018.
             The game lasted 00:16:23 (12709 turns).

Gargoyl the Covered (Centaur Abyssal Knight)       Turns: 12709, Time: 00:16:24

Health: -3/91      AC: 13    Str: 17    XL:     10   Next: 48%
Magic:  14/15      EV:  9    Int: 13    God:    Lugonu [*****.]
Gold:   427        SH:  0    Dex: 12    Spells: 9/9 levels left

rFire    . . .     SeeInvis .   h - +2 hand axe (vamp)
rCold    . . .     Gourm    .   (no shield)
rNeg     + . .     Faith    .   o - +1 scale mail {rN+}
rPois    .         Spirit   .   (no helmet)
rElec    .         Reflect  .   t - +0 cloak
rCorr    .         Harm     .   w - +2 pair of gloves
MR       +....                  (no barding)
Stlth    ..........             (no amulet)
HPRegen  0.25/turn              d - +2 ring of dexterity
MPRegen  0.14/turn              q - ring of protection from magic

@: lethally poisoned (-3 -> -15), very quick
A: large, hooves 3, clever 1, deformed body, speed 2, robust 1, tough skin 3
a: Depart the Abyss, Bend Space, Banish, Corrupt, Enter the Abyss, Renounce
Religion


You were on level 1 of the Lair of Beasts.
You worshipped Lugonu.
Lugonu was extremely pleased with you.
You were hungry.

You visited 2 branches of the dungeon, and saw 10 of its levels.
You visited the Abyss 1 time.

You collected 492 gold pieces.
You spent 65 gold pieces at shops.

Inventory:

Hand Weapons
 a - a +2 hand axe
 h - a +2 vampiric hand axe (weapon)
Missiles
 v - 3 tomahawks (quivered)
Armour
 o - a +1 scale mail of positive energy (worn)
 t - a +0 cloak (worn)
 w - a +2 pair of gloves (worn)
Jewellery
 d - a +2 ring of dexterity (left hand)
 q - a ring of protection from magic (right hand)
Wands
 f - a wand of random effects (30)
 r - a wand of acid (13)
 u - a wand of iceblast (8)
Scrolls
 b - a scroll of identify
 g - 8 scrolls of remove curse
 i - 2 scrolls of amnesia
 l - 3 scrolls of fear
 n - 2 scrolls of blinking
 s - 2 scrolls of magic mapping
 y - 2 scrolls of teleportation
Potions
 e - 2 potions of brilliance
 j - 5 potions of curing
 k - 5 potions of ambrosia
 p - a potion of might {unknown}
 z - 2 potions of agility {unknown}
 B - a potion of heal wounds
Comestibles
 c - 11 rations


   Skills:
 + Level 6.0 Fighting
 + Level 7.7 Axes
 + Level 0.3 Throwing
 * Level 7.7 Armour
 + Level 3.1 Dodging
 * Level 7.0 Invocations


You had 9 spell levels left.
You didn't know any spells.
Your spell library contained the following spells:

 Spells                   Type           Power        Failure   Level  Hunger
 Summon Small Mammal      Summ           #...         65%         1    ##.....
 Call Imp                 Summ           #.......     80%         2    ###....
 Call Canine Familiar     Summ           #.......     95%         3    ####...
 Summon Guardian Golem    Hex/Summ       #.......     95%         3    ####...
 Summon Ice Beast         Ice/Summ       #.......     100%        4    #####..
 Summon Lightning Spire   Summ/Air       #.......     100%        4    #####..


Dungeon Overview and Level Annotations

Branches:
Dungeon (9/15)             Temple (0/1) D:7            Lair (1/6) D:9
    Orc: D:9-12

Altars:
Gozag
Hepliaklqana
Kikubaaqudgha
Makhleb
Vehumet
Wu Jian
Yredelemnul
Zin
The Shining One

Shops:
D:7 *:*


Innate Abilities, Weirdness & Mutations

You have hooves in place of feet.
Armour fits poorly on your strangely shaped body.
You cover ground very quickly.
You have extremely tough skin. (AC +3)
Your mind is acute. (Int +2)
You are robust. (+10% HP)


Message History

You hit the yak. Your kick misses the yak.
The yak is heavily wounded.
You hit the yak but do no damage. You closely miss the yak.
You barely miss the yak. You barely miss the spiny frog.
The yak gores the plant.
The yak gores you!
* * * LOW HITPOINT WARNING * * *
The yak gores you.
* * * LOW HITPOINT WARNING * * *
The yak gores you.
* * * LOW HITPOINT WARNING * * *
The yak gores you.
* * * LOW HITPOINT WARNING * * *
The spiny frog stings you.
* * * LOW HITPOINT WARNING * * *
You are lethally poisoned!
The spiny frog poisons you! Space bends sharply around you!
The yak blinks! x3; You blink.
* * * LOW HITPOINT WARNING * * *
You feel sick. The yak gores you!
You die...

.P...#.##......#.......P..
.....#.##......#.P.....P..
.#.#...#P........#...#.#..
.................#...#.P.
.#.P...P#......#.#......
.#.#...##.##.....#.#.#.#..
.....#....##.........#.#
.#...#.....#..Y....#.# #
...#......##>...@§F#.#
...#.#....##...#.Y§#.# #
.....#....##....YY§#.#..
.#...#....#....#...P....
.#..>#..................
.#...#.##.#..#.#........
.#........##.#..........
.#.....#..##.#.#........
........#.#P.#.P.....Y...


You could see 4 yaks and a spiny frog.

Vanquished Creatures
  Erica (D:8)
  Pikel (D:5)
  A hippogriff (D:8)
  A hungry ghost (D:7)
  A basilisk (D:9)
  Edmund (D:5)
  A water moccasin (Lair:1)
  Duvessa (D:5)
  A black bear (D:6)
  2 sky beasts
  An ogre (D:4)
  A phantom (D:8)
  3 centaurs
  Blork the orc (D:6)
  A big kobold (D:7)
  9 bullfrogs
  A wyvern zombie (D:8)
  Dowan (D:5)
  3 scorpions
  A howler monkey (D:5)
  2 crimson imps
  A bullfrog zombie (D:6)
  A gnoll shaman (D:6)
  4 hounds
  2 bullfrog skeletons
  6 orc priests
  Ijyb (D:4)
  A jelly (D:5)
  4 orc wizards
  3 iguanas
  8 worker ants
  A killer bee zombie (D:6)
  A hound skeleton (D:4)
  9 adders
  18 gnolls
  2 shadow imps
  A white imp (Abyss:1)
  3 worms
  An adder skeleton (D:4)
  An adder zombie (D:7)
  2 dart slugs
  6 leopard geckos
  34 orcs
  2 ball pythons
  12 giant cockroaches
  2 gnoll zombies (D:3)
  5 goblins
  6 hobgoblins
  11 jackals
  11 kobolds
  6 quokkas
  7 bats
  9 frilled lizards
  A leopard gecko zombie (D:8)
  A quokka skeleton (D:4)
  7 rats
225 creatures vanquished.

Vanquished Creatures (others)
  2 two-headed ogres (D:8)
2 creatures vanquished.

Grand Total: 227 creatures vanquished

Notes
Turn   | Place    | Note
-------+----------+-------------------------------------------
     0 | Abyss:1  | Gargoyl the Centaur Abyssal Knight began the quest for the
                  | Orb.
     0 | Abyss:1  | Reached XP level 1. HP: 19/19 MP: 2/2
    42 | Abyss:1  | Noticed an iron imp
    43 | Abyss:1  | Noticed an ancient zyme
    46 | D:1      | Escaped the Abyss
   248 | D:1      | Reached XP level 2. HP: 26/26 MP: 3/3
   269 | D:1      | Reached * piety under Lugonu
   657 | D:1      | Reached XP level 3. HP: 21/31 MP: 4/4
   944 | D:1      | Found a glowing golden altar of the Shining One.
  1075 | D:2      | Reached skill level 1 in Dodging
  1590 | D:2      | Reached XP level 4. HP: 40/40 MP: 5/5
  1704 | D:2      | Reached ** piety under Lugonu
  1736 | D:2      | Found an opulent altar of Gozag.
  2441 | D:3      | Reached XP level 5. HP: 46/46 MP: 7/7
  2841 | D:3      | Found an ancient bone altar of Kikubaaqudgha.
  3081 | D:3      | Reached *** piety under Lugonu
  3089 | D:3      | Found a glowing golden altar of the Shining One.
  3165 | D:3      | Found a basalt altar of Yredelemnul.
  3500 | D:3      | Found a hazy altar of Hepliaklqana.
  3811 | D:4      | Reached XP level 6. HP: 36/52 MP: 8/8
  4427 | D:4      | Noticed a sky beast
  4446 | D:4      | Killed a sky beast
  5169 | D:5      | Entered Level 5 of the Dungeon
  5356 | D:5      | Reached XP level 7. HP: 59/59 MP: 9/9
  5411 | D:5      | Reached **** piety under Lugonu
  5585 | D:5      | Noticed Edmund
  5605 | D:5      | Killed Edmund
  5846 | D:5      | Noticed Duvessa
  5846 | D:5      | Noticed Ijyb
  5846 | D:5      | Noticed Dowan
  5888 | D:4      | Killed Ijyb
  6542 | D:5      | Noticed Pikel
  6729 | D:5      | Reached XP level 8. HP: 58/67 MP: 11/11
  6891 | D:5      | Killed Pikel
  6891 | D:5      | Reached skill level 5 in Axes
  6891 | D:5      | Reached skill level 5 in Armour
  7316 | D:5      | Killed Duvessa
  7326 | D:5      | Killed Dowan
  7326 | D:5      | Reached skill level 5 in Invocations
  7871 | D:6      | Found a glowing silver altar of Zin.
  8044 | D:6      | Found a burning altar of Makhleb.
  8045 | D:6      | Found a radiant altar of Vehumet.
  8182 | D:6      | Reached skill level 5 in Fighting
  8182 | D:6      | Reached XP level 9. HP: 50/74 MP: 12/12
  8400 | D:6      | Reached ***** piety under Lugonu
  8584 | D:6      | Noticed Blork the orc
  8598 | D:6      | Killed Blork the orc
  9795 | D:7      | Found a burning altar of Makhleb.
  9832 | D:7      | Found Deenub's General Store.
  9835 | D:7      | Bought a potion of heal wounds for 65 gold pieces
 10059 | D:7      | Found Ver Urie's Book Emporium.
 10213 | D:7      | Found Ufeofiso's Assorted Antiques.
 10257 | D:7      | Got a twisted helmet
 10263 | D:7      | Identified the +2 helmet "Sikhilidu" {+Inv Int+8 Dex-2}
                  | (You found it on level 7 of the Dungeon)
 10445 | D:7      | Found a staircase to the Ecumenical Temple.
 10666 | D:8      | Noticed a two-headed ogre
 11056 | D:8      | Banished a two-headed ogre
 11207 | D:8      | Noticed Erica
 11225 | D:8      | Killed Erica
 11225 | D:8      | Reached XP level 10. HP: 50/83 MP: 14/14
 11878 | D:8      | Found an ornate altar of the Wu Jian Council.
 11906 | D:8      | Noticed a two-headed ogre
 11908 | D:8      | Banished a two-headed ogre
 11991 | D:9      | Found a staircase to the Lair.
 11991 | D:9      | Noticed an elephant
 12156 | Lair:1   | Entered Level 1 of the Lair of Beasts
 12607 | Lair:1   | Gained mutation: Your flesh is cold resistant. (rC+)
                  | [potion of mutation]
 12607 | Lair:1   | Gained mutation: You have a pair of small horns on your
                  | head. [potion of mutation]
 12608 | Lair:1   | Lost mutation: Your flesh is cold resistant. (rC+) [potion
                  | of mutation]
 12608 | Lair:1   | Lost mutation: You have a pair of small horns on your head.
                  | [potion of mutation]
 12608 | Lair:1   | Gained mutation: Your mind is acute. (Int +2) [potion of
                  | mutation]
 12608 | Lair:1   | Gained mutation: You are robust. (+10% HP) [potion of
                  | mutation]
 12688 | Lair:1   | Noticed a spiny frog
 12709 | Lair:1   | HP: 4/91 [poisoned by a spiny frog]
 12709 | Lair:1   | Slain by a yak

Skill      XL: |  1  2  3  4  5  6  7  8  9 10 |
---------------+-------------------------------+-----
Axes           | 2 3 4 5 7 |  7.7
Dodging        | 1 2 3 |  3.1
Armour         | 2 3 4 5 7 |  7.7
Invocations    | 3 4 5 6 7 |  7.0
Fighting       | 4 5 6 |  6.0
Throwing       | |  0.3

Action                   |  1- 3 |  4- 6 |  7- 9 | 10-12 || total
-------------------------+-------+-------+-------+-------++-------
Melee: Hand axe          |    89 |   283 |   440 |   117 ||   929
       Kick              |    17 |    60 |   134 |    34 ||   245
Throw: Tomahawk          |       |     3 |     3 |       ||     6
Invok: Depart the Abyss  |     1 |       |       |       ||     1
       Bend Space        |       |       |     1 |     1 ||     2
       Banish            |       |       |     1 |     1 ||     2
  Use: Scroll            |     4 |     5 |     7 |     4 ||    20
       Potion            |       |       |     2 |     2 ||     4
  Eat: Chunk             |       |    10 |    11 |     4 ||    25
       Ration            |       |     1 |     5 |       ||     6
Armor: Leather armour    |    41 |       |       |       ||    41
       Scale mail        |    23 |   181 |   313 |    78 ||   595
Dodge: Dodged            |    55 |   116 |   187 |    49 ||   407
